 Dungeon Crawl Stone Soup version 0.14-a0-1761-gdbd231b (webtiles) character file.

1306 Nicoed the Skirmisher (level 8, 0/94 HPs)
             Began as a Demonspawn Berserker on Jan 4, 2014.
             Was a High Priest of Trog.
             Succumbed to poison (a potion of poison)
             ... on Level 6 of the Dungeon.
             The game lasted 00:24:18 (4775 turns).

Nicoed the Skirmisher (Demonspawn Berserker)        Turns: 4775, Time: 00:24:18

HP   0/94        AC 29     Str 23      XL: 8   Next: 13%
MP   8/8         EV  1     Int  9      God: Trog [*****.]
Gold 177         SH  0     Dex 15      Spells:  0 memorised,  7 levels left

rFire  . . .     SeeInvis .     k - +3,+1 scythe (protect)
rCold  . . .     Clarity  .     c - melded +1 chain mail
rNeg   + + +     Conserve .     (no shield)
rPois  +         rCorr    .     (no helmet)
rElec  .         rRot     .     (cloak currently unavailable)
SustAb . .       Spirit   .     (gloves currently unavailable)
rMut   .         Warding  .     (boots currently unavailable)
Saprov . . .     NoTele   +     (no amulet)
                                n - ring of invisibility
                                h - +4 ring of strength

@: tree-form, mildly poisoned, slightly resistant to hostile enchantments,
fairly stealthy
A: (hooves 0), thin skeletal structure 1, (cold resistance 0), (spiny 0)
a: Burn Spellbooks, Berserk, Trog's Hand, Brothers in Arms, Renounce Religion,
Evoke Invisibility


You were on level 6 of the Dungeon.
You worshipped Trog.
Trog was extremely pleased with you.
You were not hungry.
You were an animated tree.
You visited 1 branch of the dungeon, and saw 6 of its levels.

You collected 177 gold pieces.

Inventory:

Hand weapons
 k - a +3,+1 scythe of protection (weapon)
Armour
 c - a +1 chain mail (melded)
 t - a +0 cloak
Magical devices
 r - a wand of cold (10)
Comestibles
 f - 4 meat rations
 g - an apple
 i - a bread ration
Scrolls
 j - a scroll of enchant weapon I {unknown}
 o - a scroll of magic mapping {unknown}
 q - a scroll of blinking {unknown}
 s - 2 scrolls of remove curse
 u - 4 scrolls of fear
Jewellery
 b - an uncursed ring of protection from cold
 h - a +4 ring of strength (left branch)
 m - an uncursed ring of protection from cold
 n - a ring of invisibility (right branch)
Potions
 a - 2 potions of speed
 d - 3 potions of might


   Skills:
 + Level 5.4 Fighting
   Level 3.3 Axes
 + Level 4.4 Polearms
 + Level 4.8 Armour
 + Level 4.6 Dodging


You had 7 spell levels left.
You didn't know any spells.

Dungeon Overview and Level Annotations

Branches:
Dungeon (6/16)
 Temple: D:4-7

Altars:
Nemelex Xobeh


Innate Abilities, Weirdness & Mutations

((You have large cloven feet.))*
You have a somewhat thin skeletal structure (Dex +2, Stlth).
((Your flesh is cold resistant.))*
((You are partially covered in sharp spines.))*


Message History

You start resting.
* * * LOW HITPOINT WARNING * * *
You feel sick.
You feel a little better.
You start resting.
* * * LOW HITPOINT WARNING * * *
You feel sick.
You start resting.
* * * LOW HITPOINT WARNING * * *
You feel sick.
* * * LOW HITPOINT WARNING * * *
You feel sick.
Unknown command.
* * * LOW HITPOINT WARNING * * *
You feel sick.
There is a stone staircase leading up here.
You turn into an animated tree.
Your +1 chain mail melds into your body.
Your roots penetrate the ground.
It was a potion of lignification.
You die...

##########
#...##...##
#..♣..!...#
#...##....#
##.######.# #.#
.# ##### #.# #
#..(# #.# #...#
#.# #(..##### #.#
#(..#...####.####


There were no monsters in sight!

Vanquished Creatures
  An ice beast (D:6)
  A sky beast (D:6)
  A centaur (D:5)
  Sigmund (D:2)
  A giant frog (D:6)
  A goliath beetle (D:6)
  A crimson imp (D:6)
  2 hounds
  4 orc priests
  A worker ant (D:4)
  5 orc wizards
  An ogre skeleton (D:4)
  8 gnolls (D:3)
  6 adders
  A giant mite (D:2)
  An inept feature mimic (D:4)
  A worm zombie (D:6)
  2 worms
  A giant eyeball (D:4)
  17 orcs
  2 ball pythons
  9 bats
  9 giant cockroaches
  7 goblins
  12 hobgoblins
  11 jackals
  A quokka (D:3)
  5 giant geckos
  A giant gecko skeleton (D:4)
  A giant newt (D:2)
  12 kobolds
  A quokka skeleton (D:4)
  8 rats
136 creatures vanquished.

Notes
Turn   | Place    | Note
--------------------------------------------------------------
     0 | D:1      | Nicoed, the Demonspawn Berserker, began the quest for the Orb.
     0 | D:1      | Reached XP level 1. HP: 18/18 MP: 1/1
   187 | D:1      | Gained mutation: You have a somewhat thin skeletal structure (Dex +2, Stlth). [demonic ancestry]
   187 | D:1      | Reached XP level 2. HP: 22/24 MP: 2/2
   798 | D:2      | Gained mutation: Your flesh is cold resistant. [demonic ancestry]
   798 | D:2      | Reached XP level 3. HP: 10/29 MP: 3/3
  1034 | D:2      | Noticed Sigmund
  1055 | D:2      | Killed Sigmund
  1055 | D:2      | Reached XP level 4. HP: 20/36 MP: 4/4
  1198 | D:2      | Acquired Trog's second power
  1538 | D:2      | Reached skill level 1 in Polearms
  1538 | D:2      | Gained mutation: You have large cloven feet. [demonic ancestry]
  1538 | D:2      | Reached XP level 5. HP: 42/42 MP: 5/5
  1896 | D:3      | Reached skill level 4 in Fighting
  2089 | D:3      | Gained mutation: You are partially covered in sharp spines. [demonic ancestry]
  2089 | D:3      | Reached XP level 6. HP: 42/48 MP: 6/6
  2771 | D:4      | Acquired Trog's third power
  2870 | D:4      | Paralysed by a giant eyeball for 3 turns
  3155 | D:5      | Entered Level 5 of the Dungeon
  3169 | D:4      | Reached XP level 7. HP: 14/55 MP: 7/7
  3974 | D:6      | Reached skill level 5 in Fighting
  4373 | D:6      | Found a sparkling altar of Nemelex Xobeh.
  4420 | D:6      | Reached XP level 8. HP: 62/62 MP: 8/8
  4770 | D:6      | HP: 3/63 [poison (a potion of poison)]
  4774 | D:6      | HP: 1/63 [poison (a potion of poison)]
  4775 | D:6      | Succumbed to poison (a potion of poison)

Action                   |  1- 3 |  4- 6 |  7- 9 || total
-------------------------+-------+-------+-------++-------
Melee: Hand axe          |    70 |       |       ||    70
       Scythe            |       |   207 |    99 ||   306
Invok: Burn Spellbooks   |     1 |       |       ||     1
       Berserk           |     1 |       |     2 ||     3
Evoke: Wand              |       |       |     1 ||     1
  Use: Potion            |     2 |       |     4 ||     6
       Scroll            |       |     7 |     2 ||     9
 Stab: Sleeping          |     1 |       |       ||     1
